Map: Zona del Vuoto

Players

Soul

  • Race: Zerg Zerg

Narogard

  • Race: Protoss Protoss

chriios

  • Race: Terran Terran

Sirius

  • Race: Protoss Protoss

Jhyrachy - Winner!

  • Race: Zerg Zerg
  • League: Gold

Warik - Winner!

  • Race: Protoss Protoss
  • League: Bronze

Goku - Winner!

  • Race: Zerg Zerg
  • League: Platinum

Dima - Winner!

  • Race: Protoss Protoss

VOD

Have the link to the VOD?

Description

Time

  • Played on: April 13, 2016, 3:38 p.m.
  • Length: 16:37
Show
View Real Time Build Order
Export as new Build Order

Soul Zerg 

Build Orders: Hatch First 

Get SALT Encoding   

  12  0:01  Drone  
  13  0:08  Drone  
  14  0:18  Overlord  
  14  0:24  Extractor, Drone  
  15  0:38  Drone x2  
  17  0:50  Drone  
  18  0:58  Hatchery  
  17  1:06  Drone x2  
  19  1:18  Spawning Pool  
  18  1:21  Drone  
  19  1:33  Overlord  
  19  1:44  Drone  
  19  1:45  Extractor  
  19  2:05  Queen  
  19  2:08  Zergling x4  
  23  2:10  Queen  
  23  2:13  Zergling x4  
  27  2:21  Drone  
  27  2:22  Drone  
  29  2:32  Drone x2  
  31  2:54  Zergling x8  
  35  3:05  Metabolic Boost  
  33  3:25  Spine Crawler  
  32  3:32  Drone  
  32  3:33  Drone x3  
  36  3:37  Overlord x2  
  36  3:38  Extractor  
  35  3:43  Roach Warren  
  32  4:02  Zergling x2  
  23  4:23  Roach x4  
  23  4:24  Roach  
  31  4:34  Roach x4  
  31  4:35  Roach  
  41  5:01  Roach x2  
  41  5:04  Overlord x2  
  45  5:16  Overlord  
  44  5:32  Roach  
  44  5:33  Roach x2  
  46  6:04  Spore Crawler  
  35  6:05  Spore Crawler  
  35  6:08  Spore Crawler  
  17  6:45  Hatchery  
  16  6:52  Roach x6  
  28  7:03  Lair  
  28  7:05  Drone  
  31  7:15  Roach  
  31  7:27  Roach x3  
  37  8:19  Drone x2  
  40  8:20  Drone  
  40  8:22  Queen  
  40  8:23  Drone x3  
  43  8:53  Drone x3  
  43  8:54  Hydralisk Den  
  31  9:08  Drone x4  
  31  9:09  Drone x2  
  33  9:31  Muscular Augments  
  33  9:35  Drone x2  
  33  9:36  Evolution Chamber  
  33  9:37  Evolution Chamber  
  33  10:05  Hatchery  
  32  10:07  Hydralisk x2  
  32  10:08  Hydralisk  
  32  10:12  Drone  
  32  10:13  Drone  
  40  10:19  Spore Crawler  
  39  10:25  Spore Crawler  
  38  10:33  Hydralisk  
  40  10:37  Zerg Missile Weapons Level 1  
  40  10:42  Spore Crawler  
  30  10:58  Drone  
  30  10:59  Drone  
  32  11:07  Spore Crawler  
  31  11:16  Spore Crawler  
  30  11:23  Drone x2  
  32  11:33  Zerg Ground Armor Level 1  
  33  11:40  Drone  
  33  11:44  Drone  
  33  11:46  Drone  
  35  11:55  Spore Crawler  
  35  11:57  Drone  
  35  12:01  Drone  
  36  12:03  Drone  
  37  12:14  Drone x2  
  37  12:15  Drone  
  40  12:26  Drone  
  40  12:27  Drone  
  40  12:29  Drone x2  
  44  12:30  Drone  
  44  12:32  Drone  
  44  12:33  Drone  
  47  12:41  Queen  
  49  12:48  Zerg Missile Weapons Level 2  
  49  13:07  Hydralisk  
  49  13:08  Hydralisk x4  
  59  13:13  Drone  
  59  13:14  Drone x2  
  62  13:20  Queen  
  62  13:24  Queen  
  67  13:27  Drone x2  
  67  13:29  Drone  
  69  13:41  Glial Reconstitution  
  69  13:44  Overlord  
  69  13:48  Drone x2  
  71  13:51  Overlord  
  71  13:53  Overlord  
  71  14:02  Hydralisk x2  
  75  14:03  Hydralisk  
  77  14:21  Spore Crawler  
  76  14:25  Overseer x2  
  76  14:30  Hydralisk x2  
  76  14:31  Hydralisk x6  
  80  14:34  Hydralisk  
  80  14:37  Hydralisk  
  72  14:56  Spine Crawler  
  71  15:09  Spine Crawler  
  71  15:11  Spore Crawler  
  71  15:12  Drone x3  
  72  15:25  Roach  
  72  15:26  Roach x8  
  50  15:50  Hydralisk x2  
  50  15:51  Hydralisk x4  
Show
View Real Time Build Order
Export as new Build Order

Narogard Protoss 

Build Orders:  

Get SALT Encoding   

  12  0:01  Probe (Chrono Boost)  
  13  0:13  Probe (Chrono Boost)  
  14  0:24  Probe (Chrono Boost)  
  14  0:27  Pylon  
  15  0:45  Probe (Chrono Boost)  
  16  0:50  Gateway  
  16  0:56  Assimilator, Probe (Chrono Boost)  
  17  1:06  Probe (Chrono Boost)  
  18  1:16  Pylon  
  18  1:17  Probe (Chrono Boost)  
  19  1:27  Probe (Chrono Boost)  
  20  1:46  Cybernetics Core  
  20  1:48  Pylon, Zealot  
  20  1:51  Probe (Chrono Boost)  
  23  1:56  Assimilator  
  23  2:01  Probe (Chrono Boost)  
  24  2:12  Probe (Chrono Boost)  
  25  2:22  Probe (Chrono Boost)  
  26  2:26  Nexus  
  26  2:32  Warp Gate  
  26  2:33  Stalker  
  28  2:45  Pylon  
  28  2:48  Probe (Chrono Boost)  
  29  2:59  Probe (Chrono Boost)  
  30  3:07  Stalker  
  30  3:09  Probe (Chrono Boost)  
  33  3:16  Forge  
  33  3:20  Probe (Chrono Boost)  
  34  3:30  Probe (Chrono Boost)  
  35  3:38  Robotics Facility  
  35  3:40  Probe (Chrono Boost)  
  37  3:41  Probe (Chrono Boost)  
  37  3:51  Probe (Chrono Boost)  
  37  3:52  Probe (Chrono Boost)  
  39  3:58  Photon Cannon  
  39  4:01  Probe (Chrono Boost)  
  42  4:03  Mothership Core (Chrono Boost)  
  42  4:10  Gateway  
  42  4:11  Gateway  
  42  4:18  Gateway  
  42  4:26  Warp Prism  
  42  4:30  Probe (Chrono Boost)  
  42  4:31  Probe (Chrono Boost)  
  46  4:41  Probe (Chrono Boost)  
  47  4:48  Photon Cannon  
  47  4:49  Photon Cannon, Zealot  
  49  5:08  Adept  
  49  5:09  Adept x2  
  55  5:22  Photon Cannon  
  55  5:26  Pylon  
  55  5:27  Immortal  
  59  5:29  Probe x2 (Chrono Boost)  
  59  5:30  Pylon  
  59  5:34  Assimilator  
  61  5:39  Probe (Chrono Boost)  
  61  5:40  Assimilator  
  62  5:44  Probe (Chrono Boost)  
  63  5:55  Stalker x4  
  63  5:56  Pylon  
  71  6:05  Pylon  
  71  6:07  Probe x2 (Chrono Boost)  
  71  6:10  Pylon  
  73  6:18  Probe (Chrono Boost)  
  74  6:28  Stalker  
  74  6:29  Stalker x3  
  82  6:35  Twilight Council  
  82  6:41  Gateway  
  82  6:48  Pylon  
  82  6:49  Pylon  
  82  6:51  Protoss Ground Weapons Level 1  
  82  6:58  Photon Cannon  
  82  7:01  Photon Cannon  
  82  7:12  Photon Cannon  
  82  7:15  Photon Cannon, Observer  
  83  7:33  Stalker x4  
  83  7:37  Observer  
  90  7:52  Blink  
  83  8:18  Stalker  
  83  8:19  Stalker x4  
  69  8:43  Stalker x5  
  69  8:45  Protoss Ground Armor Level 1 (Chrono Boost)  
  79  9:00  Probe x2 (Chrono Boost)  
  81  9:11  Probe x2 (Chrono Boost)  
  81  9:16  Nexus  
  83  9:24  Pylon  
  83  9:26  Pylon  
  83  9:41  Assimilator  
  83  9:42  Assimilator, Stalker x2  
  83  9:43  Stalker x2  
  91  9:46  Charge  
  91  9:55  Pylon  
  91  9:59  Pylon  
  91  10:04  Probe x2 (Chrono Boost)  
  91  10:06  Stalker  
  95  10:07  Stalker  
  98  10:14  Probe (Chrono Boost)  
  98  10:27  Stalker x3  
  104  10:39  Protoss Ground Weapons Level 2 (Chrono Boost)  
  104  10:42  Stalker  
  104  10:43  Stalker  
  104  10:47  Probe  
  104  10:48  Probe  
  104  10:49  Probe  
  111  10:56  Stalker x2  
  115  10:57  Stalker  
  115  10:58  Probe  
  115  11:00  Probe  
  115  11:01  Probe  
  120  11:13  Probe  
  121  11:45  Stalker x5  
  131  12:05  Gateway  
  131  12:07  Gateway  
  131  12:08  Gateway  
  131  12:16  Gateway  
  131  12:20  Nexus, Gateway  
  131  12:21  Pylon  
  131  12:22  Pylon  
  131  12:24  Pylon  
  131  12:25  Gateway  
  131  12:28  Gateway  
  131  12:30  Gateway  
  131  12:31  Gateway  
  131  12:33  Pylon  
  131  12:34  Pylon  
  131  12:35  Pylon  
  131  12:38  Pylon  
  131  12:39  Protoss Ground Armor Level 2 (Chrono Boost)  
  123  12:58  Stalker x3  
  93  12:59  Stalker x2  
  99  13:35  Stalker  
  99  13:36  Stalker x2  
  99  13:37  Stalker x3  
  99  13:38  Stalker x3  
  117  14:00  Stalker  
  117  14:01  Stalker x4  
  117  14:02  Assimilator x2, Stalker  
  73  14:30  Stalker x6  
  73  14:31  Stalker x2  
  75  14:35  Observer  
  76  14:56  Observer  
  77  15:00  Stalker x6  
  77  15:01  Stalker x2  
  93  15:18  Observer, Stalker  
  93  15:19  Stalker  
  98  15:39  Observer  
  99  16:05  Stalker  
  99  16:06  Stalker x4  
  99  16:07  Stalker x2  
  99  16:08  Stalker  
  82  16:24  Stalker  
  82  16:25  Stalker x4  
Show
View Real Time Build Order
Export as new Build Order

chriios Terran 

Build Orders:  

Get SALT Encoding   

  12  0:03  SCV  
  13  0:29  Supply Depot, SCV  
  14  0:40  Engineering Bay  
  14  0:41  SCV  
  15  0:56  Barracks  
  15  1:02  SCV  
  16  1:11  Missile Turret  
  16  1:14  SCV  
  17  1:26  SCV, Supply Depot  
  18  1:34  Supply Depot  
  18  1:53  Marine  
  19  2:10  Marine  
  20  2:16  Refinery  
  20  2:21  Refinery  
  21  2:22  SCV  
  21  2:25  Missile Turret  
  21  2:34  SCV  
  22  2:39  Marine  
  23  2:47  SCV  
  24  2:56  Marine  
  25  3:04  SCV  
  26  3:15  Supply Depot  
  26  3:17  SCV  
  27  3:25  Factory  
  27  3:37  Supply Depot  
  27  3:39  Orbital Command  
  27  3:58  Command Center  
  27  3:59  Marine  
  28  4:16  Marine  
  28  4:21  Factory Tech Lab  
  29  4:27  Starport  
  29  4:34  Marine  
  30  4:45  Siege Tank  
  33  5:13  Starport Reactor  
  33  5:17  Siege Tank, Starport  
  36  5:27  Marine  
  38  5:35  SCV  
  38  5:42  Orbital Command  
  38  5:44  Marine  
  39  6:03  Marine  
  40  6:05  Viking x2  
  40  6:08  Starport Reactor  
  53  6:11  Orbital Command  
  44  6:14  Supply Depot  
  44  6:21  Marine  
  45  6:33  Armory  
  45  6:35  Viking x2  
  45  6:37  Supply Depot  
  49  6:44  Viking x2  
  53  7:21  Orbital Command  
  53  7:22  Terran Vehicle And Ship Armor Level 1  
  53  7:47  SCV  
  54  7:59  SCV  
  54  8:02  Marine  
  56  8:12  Viking x2  
  60  8:13  Viking x2  
  64  8:20  Marine  
  64  8:23  Refinery  
  64  8:25  Refinery, SCV  
  66  8:37  SCV  
  66  8:38  Marine  
  68  8:42  Viking x2  
  68  8:43  Viking  
  74  8:49  Viking  
  74  8:51  SCV  
  77  8:56  Marine  
  78  9:03  SCV  
  79  9:12  Viking x2  
  79  9:14  Marine  
  79  9:17  Terran Ship Weapons Level 1  
  84  9:38  Viking  
  86  9:48  Supply Depot  
  86  9:55  Supply Depot  
  86  10:09  Viking x2  
  86  10:10  Viking x2  
  86  10:11  Supply Depot  
  94  10:18  Supply Depot  
  94  10:34  Supply Depot  
  94  10:39  Viking x4  
  94  10:41  Supply Depot  
  102  10:56  Supply Depot  
  69  11:54  Viking x2  
  69  11:55  Viking x2  
  61  12:24  Viking x2  
  61  12:25  Viking x2  
  69  12:41  Terran Ship Weapons Level 2  
  69  12:54  Viking x2  
  69  12:55  Viking x2  
  77  13:24  Viking x2  
  77  13:25  Viking x2  
  85  13:54  Marine  
  86  14:01  Viking x2  
  86  14:02  Viking x2  
  94  14:12  Marine  
  95  14:30  Marine  
  96  14:31  Viking x2  
  96  14:32  Viking x2  
  104  14:47  Marine  
  105  15:01  Supply Depot, Viking x3  
  105  15:02  Viking  
  105  15:05  Marine  
  114  15:24  Supply Depot  
  115  15:31  Viking x2  
  91  15:47  Supply Depot  
  27  16:10  Supply Depot  
  23  16:33  Supply Depot  
Show
View Real Time Build Order
Export as new Build Order

Sirius Protoss 

Build Orders:  

Get SALT Encoding   

  12  0:02  Probe (Chrono Boost)  
  13  0:13  Probe (Chrono Boost)  
  14  0:21  Pylon  
  14  0:25  Probe (Chrono Boost)  
  15  0:39  Probe (Chrono Boost)  
  15  0:40  Gateway  
  16  0:56  Forge  
  16  1:05  Pylon  
  16  1:07  Assimilator  
  16  1:08  Probe (Chrono Boost)  
  17  1:19  Probe (Chrono Boost)  
  18  1:29  Probe (Chrono Boost)  
  19  1:36  Cybernetics Core  
  19  1:40  Probe (Chrono Boost)  
  19  1:41  Assimilator  
  19  1:43  Pylon  
  20  1:50  Probe (Chrono Boost)  
  21  2:05  Photon Cannon  
  21  2:06  Pylon  
  21  2:14  Photon Cannon  
  21  2:23  Photon Cannon  
  21  2:26  Warp Gate (Chrono Boost)  
  21  2:27  Mothership Core (Chrono Boost)  
  23  2:48  Probe  
  24  3:00  Probe  
  24  3:02  Sentry  
  27  3:13  Probe  
  28  3:25  Probe  
  29  3:37  Probe  
  30  3:42  Gateway  
  30  3:46  Photon Cannon  
  30  3:49  Probe, Nexus  
  31  3:56  Twilight Council  
  31  4:09  Photon Cannon  
  31  4:15  Gateway  
  31  4:27  Pylon  
  31  4:37  Pylon  
  31  4:43  Sentry  
  32  5:07  Blink (Chrono Boost)  
  32  5:14  Sentry  
  32  5:17  Stalker  
  36  5:21  Gateway  
  36  5:22  Protoss Ground Weapons Level 1  
  36  5:42  Gateway  
  36  5:47  Pylon  
  36  6:11  Stalker  
  36  6:13  Stalker  
  40  6:20  Photon Cannon  
  40  6:23  Photon Cannon  
  40  6:26  Nexus  
  40  6:34  Pylon  
  40  6:41  Assimilator  
  40  6:42  Probe  
  40  6:45  Assimilator  
  42  6:54  Probe  
  42  6:58  Stalker x2  
  46  7:06  Probe  
  47  7:18  Probe  
  47  7:20  Stalker  
  47  7:21  Stalker  
  52  7:45  Protoss Ground Weapons Level 2 (Chrono Boost)  
  52  7:52  Forge  
  52  8:01  Forge  
  52  8:15  Probe (Chrono Boost)  
  53  8:25  Probe (Chrono Boost)  
  54  8:27  Protoss Ground Armor Level 1 (Chrono Boost)  
  54  8:29  Probe (Chrono Boost), Robotics Facility  
  55  8:40  Probe (Chrono Boost)  
  56  8:50  Probe (Chrono Boost)  
  57  8:59  Pylon  
  57  9:01  Probe (Chrono Boost)  
  58  9:05  Stalker x2  
  58  9:08  Protoss Shields Level 1 (Chrono Boost)  
  62  9:12  Probe (Chrono Boost)  
  63  9:22  Probe (Chrono Boost)  
  64  9:27  Photon Cannon  
  64  9:30  Photon Cannon  
  64  9:32  Probe (Chrono Boost)  
  64  9:34  Pylon  
  64  9:35  Probe (Chrono Boost)  
  66  9:39  Observer  
  66  9:41  Probe  
  68  9:47  Probe  
  69  10:00  Observer  
  70  10:17  Protoss Ground Armor Level 2 (Chrono Boost)  
  70  10:20  Protoss Ground Weapons Level 3 (Chrono Boost)  
  70  10:21  Observer  
  70  10:22  Nexus  
  70  10:25  Pylon  
  71  10:29  Pylon  
  71  10:35  Stalker x3  
  71  10:36  Stalker  
  79  11:26  Stalker x3  
  85  11:43  Assimilator  
  85  11:46  Stalker  
  87  11:47  Nexus  
  87  11:51  Assimilator  
  87  11:55  Pylon  
  87  12:08  Protoss Shields Level 2 (Chrono Boost)  
  87  12:22  Protoss Ground Armor Level 3 (Chrono Boost)  
  87  12:27  Gateway  
  87  12:30  Gateway  
  87  12:32  Gateway  
  87  12:38  Gateway  
  87  12:39  Gateway  
  87  12:43  Pylon  
  87  13:03  Probe, Pylon  
  88  13:12  Photon Cannon  
  88  13:14  Probe  
  88  13:15  Photon Cannon  
  89  13:21  Photon Cannon  
  89  13:24  Probe, Photon Cannon  
  90  13:28  Photon Cannon  
  90  13:35  Probe  
  91  13:43  Observer  
  91  13:45  Probe, Stalker x6  
  91  13:48  Sentry x3  
  111  13:56  Probe  
  112  14:06  Probe  
  113  14:11  Stalker x4  
  121  14:17  Probe  
  122  14:28  Probe  
  53  15:07  Stalker x2  
  53  15:08  Stalker x6  
  53  15:09  Stalker x2  
  73  15:35  Stalker x4  
  77  15:36  Stalker x3  
  73  15:47  Stalker  
  73  15:48  Stalker x2  
Show
View Real Time Build Order
Export as new Build Order

Jhyrachy Zerg - Winner!

Build Orders: Pool First, Lurkers 

Get SALT Encoding   

  12  0:28  Drone  
  12  0:29  Drone  
  12  0:31  Overlord  
  14  0:49  Drone  
  15  0:58  Drone  
  15  1:03  Drone  
  17  1:09  Extractor  
  16  1:12  Drone  
  17  1:19  Spawning Pool, Hatchery  
  17  1:23  Drone  
  16  1:37  Drone  
  17  1:49  Drone  
  18  2:01  Drone  
  18  2:07  Queen  
  21  2:09  Overlord  
  21  2:29  Drone x2  
  23  2:32  Queen  
  25  2:38  Drone  
  25  2:42  Metabolic Boost  
  26  2:52  Lair  
  26  2:54  Extractor  
  26  2:57  Drone  
  26  3:11  Queen  
  26  3:12  Drone x3  
  31  3:27  Drone  
  31  3:28  Drone x4  
  31  3:31  Extractor  
  35  3:35  Extractor  
  34  3:56  Spire  
  34  3:58  Drone x3  
  34  3:59  Overlord  
  34  4:00  Overlord  
  36  4:24  Drone  
  37  4:25  Drone  
  37  4:26  Drone x4  
  42  4:31  Drone x4  
  42  4:32  Drone x3  
  49  5:01  Overlord x3  
  49  5:11  Mutalisk  
  51  5:20  Mutalisk  
  51  5:21  Mutalisk x6  
  65  5:43  Mutalisk  
  65  5:44  Mutalisk x2  
  71  6:08  Overlord x3  
  71  6:18  Hatchery  
  70  7:25  Queen  
  72  7:35  Mutalisk  
  72  7:36  Mutalisk x10  
  94  7:47  Extractor  
  94  7:49  Extractor  
  92  7:54  Zerg Flyer Weapons Level 1  
  92  7:58  Drone x3  
  95  7:59  Drone x3  
  95  8:00  Drone  
  95  8:01  Drone x4  
  103  9:17  Mutalisk  
  103  9:20  Overlord x2  
  103  9:21  Overlord x2  
  105  9:43  Mutalisk  
  105  9:44  Mutalisk x13  
  105  9:45  Mutalisk  
  135  9:56  Zerg Flyer Armor Level 1  
  135  10:01  Overlord x3  
  135  10:02  Overlord  
  59  12:23  Hydralisk Den  
  58  12:32  Evolution Chamber  
  58  12:36  Evolution Chamber  
  56  13:02  Zerg Ground Armor Level 1, Zerg Missile Weapons Level 1  
  56  13:04  Lurker Den  
  56  13:07  Hydralisk  
  56  13:08  Hydralisk x15  
  56  13:09  Hydralisk x15  
  56  13:10  Hydralisk x2  
  122  13:52  Infestation Pit  
  121  14:34  Lurker  
  121  14:35  Lurker x15  
  121  14:36  Lurker x6  
Show
View Real Time Build Order
Export as new Build Order

Warik Protoss - Winner!

Build Orders:  

Get SALT Encoding   

  12  1:01  Probe (Chrono Boost)  
  13  1:10  Assimilator  
  13  1:11  Probe (Chrono Boost)  
  13  1:15  Assimilator  
  14  1:22  Probe (Chrono Boost)  
  15  1:32  Pylon  
  15  1:50  Probe (Chrono Boost)  
  16  2:01  Probe (Chrono Boost)  
  17  2:05  Gateway  
  17  2:12  Forge  
  17  2:34  Pylon  
  17  2:53  Photon Cannon  
  17  2:58  Photon Cannon  
  17  3:10  Nexus  
  17  3:17  Photon Cannon  
  17  3:22  Cybernetics Core  
  17  3:28  Probe (Chrono Boost)  
  18  3:38  Probe (Chrono Boost)  
  19  3:49  Probe (Chrono Boost)  
  20  3:59  Probe (Chrono Boost)  
  21  4:03  Stargate  
  21  4:06  Stargate  
  22  4:10  Probe (Chrono Boost)  
  22  4:14  Protoss Air Weapons Level 1  
  22  4:16  Protoss Shields Level 1  
  22  4:21  Probe (Chrono Boost)  
  23  4:34  Probe (Chrono Boost)  
  24  4:45  Probe (Chrono Boost)  
  25  4:55  Assimilator, Probe (Chrono Boost)  
  25  4:56  Assimilator  
  26  5:02  Void Ray  
  26  5:06  Probe (Chrono Boost)  
  31  5:16  Probe (Chrono Boost)  
  31  5:18  Void Ray  
  36  5:27  Probe (Chrono Boost)  
  37  5:37  Probe (Chrono Boost)  
  38  5:48  Probe (Chrono Boost)  
  39  5:50  Void Ray  
  43  5:58  Probe (Chrono Boost)  
  44  6:09  Probe (Chrono Boost)  
  45  6:13  Cybernetics Core  
  45  6:19  Fleet Beacon  
  45  6:27  Pylon  
  45  6:37  Pylon  
  45  6:45  Void Ray  
  49  6:55  Probe (Chrono Boost)  
  50  7:06  Probe (Chrono Boost), Protoss Air Armor Level 1  
  51  7:16  Probe (Chrono Boost)  
  51  7:18  Void Ray  
  56  7:27  Probe (Chrono Boost)  
  57  7:38  Probe (Chrono Boost), Twilight Council  
  57  7:42  Protoss Air Weapons Level 2  
  58  7:44  Void Ray  
  62  7:58  Pylon  
  62  8:18  Pylon  
  62  9:08  Protoss Air Armor Level 2  
  62  9:19  Pylon  
  62  9:20  Pylon  
  62  9:22  Pylon  
  62  9:24  Pylon  
  62  9:37  Void Ray (Chrono Boost)  
  62  9:38  Void Ray (Chrono Boost)  
  70  9:43  Protoss Shields Level 2  
  70  10:18  Void Ray (Chrono Boost)  
  70  10:19  Void Ray (Chrono Boost)  
  78  10:24  Protoss Air Weapons Level 3  
  78  10:56  Void Ray x2 (Chrono Boost)  
  86  11:26  Stargate  
  86  11:29  Protoss Air Armor Level 3  
  86  11:43  Void Ray (Chrono Boost)  
  86  11:46  Void Ray (Chrono Boost)  
  94  11:59  Pylon  
  94  12:00  Pylon  
  94  12:01  Pylon  
  98  12:23  Void Ray (Chrono Boost)  
  98  12:29  Void Ray (Chrono Boost)  
  106  12:30  Void Ray (Chrono Boost)  
  50  13:36  Void Ray (Chrono Boost)  
  50  13:37  Void Ray (Chrono Boost)  
  62  13:44  Void Ray (Chrono Boost)  
  62  14:13  Void Ray (Chrono Boost)  
  62  14:14  Void Ray (Chrono Boost)  
  70  15:27  Void Ray (Chrono Boost)  
  70  15:28  Void Ray (Chrono Boost)  
  82  15:34  Void Ray (Chrono Boost)  
Show
View Real Time Build Order
Export as new Build Order

Goku Zerg - Winner!

Build Orders: Hatch First 

Get SALT Encoding   

  12  0:01  Drone  
  13  0:13  Overlord  
  13  0:24  Drone  
  14  0:32  Drone x2  
  16  0:37  Drone  
  17  1:08  Hatchery  
  16  1:14  Drone x3  
  19  1:18  Spawning Pool  
  19  1:23  Extractor  
  17  1:28  Drone  
  18  1:40  Drone  
  19  1:48  Overlord  
  19  2:05  Queen  
  21  2:10  Zergling x4  
  23  2:20  Queen  
  23  2:22  Zergling x4  
  27  2:24  Metabolic Boost  
  27  2:32  Zergling x4  
  29  2:41  Zergling x2  
  30  2:45  Baneling Nest  
  30  2:49  Zergling x2  
  28  3:18  Queen  
  29  3:20  Zergling x16  
  35  4:11  Zergling x2  
  35  4:13  Overlord x3  
  35  4:14  Overlord  
  34  4:36  Drone x6  
  35  5:10  Drone x11  
  46  5:25  Hatchery  
  41  5:30  Zergling x2  
  41  5:31  Zergling x6  
  29  6:02  Drone  
  27  6:11  Drone x2  
  28  6:21  Drone  
  28  6:22  Lair  
  29  6:33  Evolution Chamber  
  29  6:35  Evolution Chamber  
  29  6:38  Hatchery  
  26  6:40  Overlord x3  
  26  7:00  Extractor  
  25  7:02  Extractor  
  25  7:04  Extractor  
  25  7:06  Zerg Ground Armor Level 1, Zerg Melee Weapons Level 1  
  23  7:17  Queen  
  25  7:28  Roach Warren  
  24  7:32  Drone  
  24  7:33  Drone  
  24  7:35  Drone  
  27  7:43  Drone x2  
  29  7:45  Drone  
  30  7:58  Spire  
  30  8:01  Drone  
  30  8:08  Drone  
  31  8:17  Queen  
  33  8:21  Drone  
  33  8:25  Drone  
  32  8:53  Drone x3  
  35  9:11  Queen  
  35  9:12  Drone  
  35  9:13  Drone x4  
  35  9:16  Drone x2  
  35  9:17  Drone x5  
  49  9:25  Infestation Pit  
  49  9:27  Spore Crawler  
  47  9:41  Zerg Ground Armor Level 2, Zerg Melee Weapons Level 2  
  47  10:02  Drone  
  47  10:03  Drone x4  
  47  10:06  Extractor  
  51  10:08  Extractor  
  51  10:09  Drone x3  
  51  10:10  Drone  
  51  10:11  Drone x2  
  56  10:14  Drone x3  
  56  10:16  Drone x3  
  62  10:32  Drone  
  62  10:33  Drone x4  
  62  10:34  Drone  
  68  10:40  Spore Crawler  
  67  10:46  Overlord  
  67  10:47  Overlord x5  
  67  10:54  Hive  
  67  10:57  Zerg Flyer Armor Level 1  
  67  11:01  Centrifical Hooks  
  67  11:08  Hatchery  
  66  11:46  Zergling x44  
  66  11:47  Zergling x18  
  94  11:48  Zergling x2  
  98  12:20  Queen  
  100  12:23  Adrenal Glands  
  100  12:49  Hatchery  
  99  13:19  Zerg Ground Armor Level 3  
  99  13:27  Greater Spire  
  99  13:31  Ultralisk Cavern  
  98  13:34  Viper x2  
  98  13:35  Viper x2  
  110  13:55  Corruptor x4  
  112  13:56  Corruptor  
  112  13:57  Corruptor x4  
  112  13:58  Corruptor  
  130  14:14  Overlord x4  
  130  14:15  Overlord  
  128  14:36  Chitinous Plating  
  119  14:39  Ultralisk  
  119  14:40  Ultralisk x5  
  119  14:41  Zergling x18  
  158  14:49  Extractor x2  
  158  14:50  Spore Crawler  
  133  15:06  Queen  
  133  15:07  Queen  
  137  15:51  Drone x3  
  137  15:53  Overlord x4  
  137  15:54  Overlord x2  
Show
View Real Time Build Order
Export as new Build Order

Dima Protoss - Winner!

Build Orders:  

Get SALT Encoding   

  12  0:04  Probe (Chrono Boost)  
  13  0:14  Probe (Chrono Boost)  
  13  0:18  Pylon  
  14  0:26  Probe (Chrono Boost)  
  15  0:37  Probe (Chrono Boost)  
  15  0:42  Gateway  
  16  0:51  Assimilator  
  16  0:55  Probe (Chrono Boost)  
  17  0:57  Assimilator  
  17  1:06  Probe (Chrono Boost)  
  18  1:17  Probe (Chrono Boost)  
  19  1:40  Cybernetics Core  
  20  1:47  Probe (Chrono Boost)  
  20  1:49  Nexus  
  20  1:55  Pylon  
  20  1:57  Probe (Chrono Boost)  
  21  2:08  Probe (Chrono Boost)  
  22  2:45  Pylon  
  22  2:52  Probe (Chrono Boost)  
  23  3:00  Stargate  
  23  3:03  Pylon  
  23  3:08  Pylon  
  23  3:13  Probe (Chrono Boost), Pylon  
  24  3:24  Probe (Chrono Boost)  
  24  3:26  Forge  
  25  3:32  Stargate  
  25  3:34  Stargate, Probe (Chrono Boost)  
  26  3:45  Probe (Chrono Boost)  
  28  3:55  Probe (Chrono Boost)  
  28  4:00  Photon Cannon  
  28  4:05  Photon Cannon  
  28  4:06  Probe (Chrono Boost)  
  28  4:08  Pylon  
  29  4:14  Photon Cannon  
  29  4:16  Probe (Chrono Boost)  
  30  4:19  Photon Cannon  
  30  4:25  Assimilator  
  30  4:29  Probe (Chrono Boost)  
  30  4:30  Assimilator  
  31  4:39  Probe (Chrono Boost), Photon Cannon  
  31  4:44  Protoss Air Weapons Level 1 (Chrono Boost)  
  32  4:47  Protoss Shields Level 1  
  32  4:48  Probe  
  33  4:59  Probe  
  34  5:09  Probe  
  35  5:20  Probe  
  36  5:30  Probe  
  37  5:43  Void Ray x3  
  49  5:51  Probe  
  50  5:59  Photon Cannon  
  50  6:02  Probe, Photon Cannon  
  51  6:12  Probe  
  52  6:23  Probe  
  53  6:29  Pylon  
  53  6:32  Pylon  
  53  6:33  Probe  
  53  6:35  Stargate  
  53  6:39  Pylon  
  54  6:44  Probe  
  55  6:47  Photon Cannon  
  55  6:49  Pylon  
  55  6:54  Probe  
  55  6:55  Protoss Air Armor Level 1 (Chrono Boost)  
  55  6:58  Twilight Council  
  55  7:01  Fleet Beacon  
  56  7:05  Pylon  
  56  7:07  Pylon  
  56  7:11  Pylon  
  56  7:14  Pylon  
  56  7:17  Pylon  
  56  7:28  Void Ray x3  
  68  7:33  Probe  
  69  8:03  Mothership Core  
  71  8:05  Void Ray  
  80  9:00  Void Ray x2  
  80  9:01  Void Ray  
  92  9:15  Probe  
  93  9:20  Void Ray  
  97  9:32  Protoss Air Weapons Level 2 (Chrono Boost)  
  97  9:35  Nexus  
  97  9:43  Void Ray  
  97  9:44  Protoss Shields Level 2 (Chrono Boost)  
  101  10:06  Void Ray x2  
  109  10:26  Void Ray  
  113  10:36  Assimilator  
  113  10:46  Assimilator  
  113  10:48  Probe  
  114  10:57  Pylon  
  114  10:59  Probe  
  114  11:00  Pylon  
  114  11:03  Pylon  
  115  11:07  Pylon  
  115  11:09  Probe  
  115  11:10  Pylon  
  116  11:20  Probe  
  116  11:21  Pylon  
  116  11:24  Pylon  
  117  11:28  Pylon  
  117  11:30  Probe  
  118  11:35  Protoss Air Weapons Level 3 (Chrono Boost)  
  118  11:39  Void Ray x3  
  126  11:40  Void Ray (Chrono Boost)  
  134  12:22  Void Ray (Chrono Boost)  
  142  12:23  Void Ray x2 (Chrono Boost)  
  142  12:29  Void Ray (Chrono Boost)  
  150  12:36  Protoss Shields Level 3  
  150  13:10  Void Ray x2 (Chrono Boost)  
  158  13:13  Void Ray (Chrono Boost)  
  158  13:15  Void Ray (Chrono Boost)  
  166  13:43  Void Ray  
  170  14:05  Void Ray  
  170  14:09  Protoss Air Armor Level 2 (Chrono Boost)  
  170  14:10  Void Ray x2  
Tags
 
Add a new tag
Caveats
  • Supply blocks, unpowered buildings, or Contaminate may cause inaccurate times.
  • Supply counts are checked every 10 seconds.